 Dungeon Crawl Stone Soup version 0.23.1 (webtiles) character file.

Game seed: 0

419797 icebox the Warrior (level 22, -6/170 (171) HPs)
             Began as a Demonspawn Gladiator on Mar 9, 2019.
             Was the Champion of Ru.
             Mangled by a juggernaut (50 damage)
             ... on level 3 of the Depths on Mar 11, 2019.
             The game lasted 03:36:21 (90605 turns).

icebox the Warrior (Demonspawn Gladiator)          Turns: 90605, Time: 03:36:22

HP:   -6/170 (171)  AC: 28    Str: 21    XL:     22   Next: 63%
MP:   0/36          EV: 17    Int: 16    God:    Ru [******]
Gold: 4378          SH:  8    Dex: 18    Spells: 28/41 levels left

rFire    . . .     SeeInvis +   a - +4 demon trident (elec)
rCold    . . .     Gourm    .   b - +0 buckler {AC+3}
rNeg     + . .     Faith    .   U - +2 chain mail {MR+}
rPois    +         Spirit   +   (helmet unavailable)
rElec    .         Reflect  +   V - +2 cloak {rPois}
rCorr    .         Harm     .   u - +2 pair of gloves {archery}
MR       ++++.                  w - +1 pair of boots of Impatience {MR+}
Stlth    ..........             I - +3 amulet of reflection
HPRegen  0.38/turn              A - ring of Wyriaph {MR+ Str+2}
MPRegen  0.50/turn              p - ring of see invisible

@: repel missiles
A: horns 3, repulsion field 3, agile 1, clever 1, demonic guardian 2, frail 1,
negative energy resistance 1, magic shield, magic regeneration, magic link, no
stealth, no fire magic, no translocations magic, no transmutations magic,
inexperienced 1
}: 2/15 runes: serpentine, barnacled
a: Draw Out Power, Power Leap, Apocalypse, Renounce Religion


You were on level 3 of the Depths.
You worshipped Ru.
Ru was exalted by your worship.
You were very hungry.

You visited 9 branches of the dungeon, and saw 43 of its levels.

You collected 4953 gold pieces.
You spent 575 gold pieces at shops.

Inventory:

Hand Weapons
 a - a +4 demon trident of electrocution (weapon)
 P - the +8 longbow "Zephyr" {speed, Dex+3 SInv}
   (You took it off a tengu warrior on level 1 of the Depths)

   Attacks with this weapon are significantly faster.
   It affects your dexterity (+3).
   It lets you see invisible.
Missiles
 j - 1198 stones (quivered)
 H - 164 sling bullets
Armour
 b - a +0 buckler of protection (worn)
 u - a +2 pair of gloves of archery (worn)
 w - the +1 pair of boots of Impatience (worn) {MR+}
   (You acquired it on level 3 of the Elven Halls)

   It affects your resistance to hostile enchantments.
 U - a +2 chain mail of magic resistance (worn)
 V - a +2 cloak of poison resistance (worn)
Jewellery
 p - a ring of see invisible (right hand)
 y - an uncursed ring of protection from fire
 A - the ring of Wyriaph (left hand) {MR+ Str+2}
   (You found it on level 2 of the Snake Pit)

   [ring of strength]

   It affects your strength (+2).
   It affects your resistance to hostile enchantments.
 I - a +3 amulet of reflection (around neck)
 X - an uncursed ring of resist corrosion
Wands
 c - a wand of iceblast (16)
 g - a wand of enslavement (16)
 t - a wand of clouds (3)
 x - a wand of disintegration (26)
 z - a wand of scattershot (5)
 C - a wand of acid (7)
 R - a wand of polymorph (16)
 W - a wand of paralysis (29)
 Y - a wand of flame (7)
Scrolls
 i - 7 scrolls of magic mapping
 m - 24 scrolls of remove curse
 o - 3 scrolls of fog
 r - 3 scrolls of enchant weapon
 s - 22 scrolls of teleportation
 B - a scroll of identify
 D - 3 scrolls of blinking
 E - 6 scrolls of fear
 J - 2 scrolls of silence
 Q - a scroll of summoning
Potions
 d - a potion of ambrosia
 e - 15 potions of curing
 h - 3 potions of cancellation
 n - 4 potions of magic
 q - 6 potions of brilliance
 v - a potion of resistance
 F - 5 potions of haste
 G - a potion of invisibility
 M - 4 potions of agility
 N - a potion of berserk rage
 S - 6 potions of heal wounds
 T - 2 potions of might
Miscellaneous
 l - 2 phantom mirrors
 O - a sack of spiders
 Z - a lamp of fire
Comestibles
 f - 49 rations


   Skills:
 - Level 20.0 Fighting
   Level 13.5(15.6) Axes
 + Level 13.6(15.7) Polearms
 - Level 1.8 Throwing
 + Level 14.1 Armour
 - Level 8.0 Dodging
 - Level 4.2 Shields
 + Level 10.1 Spellcasting
 - Level 10.0 Conjurations
 - Level 5.0 Charms
 - Level 14.0 Necromancy
 - Level 5.1 Air Magic
 - Level 7.1 Poison Magic
 - Level 12.0 Evocations


You had 28 spell levels left.
You knew the following spells:

 Your Spells              Type           Power        Failure   Level  Hunger
a - Mephitic Cloud        Conj/Pois/Air  ####....     7%          3    None
b - Regeneration          Chrm/Necr      #####.....   2%          3    None
c - Vampiric Draining     Necr           ######....   1%          3    None
d - Animate Dead          Necr           N/A          1%          4    ###....

Your spell library contained the following spells:

 Spells                   Type           Power        Failure   Level  Hunger
 Animate Skeleton         Necr           N/A          1%          1    None
 Magic Dart               Conj           ####         1%          1    None
 Pain                     Necr           ####         1%          1    None
 Shock                    Conj/Air       ####         1%          1    None
 Sting                    Conj/Pois      ####         1%          1    None
 Infusion                 Chrm           ###.         6%          1    None
 Poisonous Vapours        Pois/Air       ####..       6%          2    None
 Static Discharge         Conj/Air       ####....     6%          3    None
 Song of Slaying          Chrm           ###.....     9%          2    None
 Swiftness                Chrm/Air       ###.....     9%          2    None
 Dazzling Spray           Conj/Hex       ###...       19%         3    None
 Olgreb's Toxic Radiance  Pois           ####....     26%         4    ###....
 Excruciating Wounds      Chrm/Necr      #####.....   26%         5    #####..
 Venom Bolt               Conj/Pois      #####.....   36%         5    #####..
 Confusing Touch          Hex            #.....       43%         1    None
 Corona                   Hex            #......      43%         1    None
 Summon Butterflies       Summ           #.......     43%         1    None
 Summon Small Mammal      Summ           #...         43%         1    None
 Spectral Weapon          Hex/Chrm       ###.....     45%         3    None
 Airstrike                Air            ###.......   50%         4    ###....
 Lightning Bolt           Conj/Air       ####......   50%         5    #####..
 Iskenderun's Battlesphe  Conj/Chrm      ####....     52%         5    #####..
 Call Imp                 Summ           #.......     56%         2    None
 Ensorcelled Hibernation  Hex/Ice        #.....       56%         2    None
 Slow                     Hex            #.......     56%         2    None
 Confuse                  Hex            #.......     80%         3    None
 Tukima's Dance           Hex            #.......     80%         3    None
 Summon Lightning Spire   Summ/Air       ###.....     85%         4    ###....
 Conjure Ball Lightning   Conj/Air       ####......   97%         6    ######.
 Leda's Liquefaction      Hex/Erth       #.........   99%         4    ###....
 Silence                  Hex/Air        ###.......   99%         5    #####..
 Metabolic Englaciation   Hex/Ice        #.........   100%        5    #####..
 Deflect Missiles         Chrm/Air       ###.......   100%        6    ######.
 Freezing Cloud           Conj/Ice/Air   ###.......   100%        6    ######.
 Invisibility             Hex            #.......     100%        6    ######.
 Tornado                  Air            ###.......   100%        9    #######
 Conjure Flame            Conj/Fire      Unusable     N/A         3    N/A
 Spider Form              Tmut/Pois      Unusable     N/A         3    N/A
 Apportation              Tloc           Unusable     N/A         1    N/A
 Beastly Appendage        Tmut           Unusable     N/A         1    N/A
 Ignite Poison            Fire/Tmut/Pois Unusable     N/A         3    N/A
 Sticky Flame             Conj/Fire      Unusable     N/A         4    N/A
 Blink                    Tloc           Unusable     N/A         2    N/A
 Sticks to Snakes         Tmut           Unusable     N/A         2    N/A
 Gell's Gravitas          Tloc           Unusable     N/A         3    N/A
 Inner Flame              Hex/Fire       Unusable     N/A         3    N/A
 Lesser Beckoning         Tloc           Unusable     N/A         3    N/A
 Fireball                 Conj/Fire      Unusable     N/A         5    N/A
 Irradiate                Conj/Tmut      Unusable     N/A         5    N/A
 Alistair's Intoxication  Tmut/Pois      Unusable     N/A         5    N/A
 Ice Form                 Ice/Tmut       Unusable     N/A         4    N/A
 Petrify                  Tmut/Erth      Unusable     N/A         4    N/A
 Blade Hands              Tmut           Unusable     N/A         5    N/A
 Yara's Violent Unravell  Hex/Tmut       Unusable     N/A         5    N/A
 Bolt of Fire             Conj/Fire      Unusable     N/A         6    N/A
 Hydra Form               Tmut           Unusable     N/A         6    N/A
 Statue Form              Tmut/Erth      Unusable     N/A         6    N/A
 Dragon Form              Tmut           Unusable     N/A         7    N/A
 Ring of Flames           Chrm/Fire      Unusable     N/A         7    N/A
 Ignition                 Fire           Unusable     N/A         8    N/A

Dungeon Overview and Level Annotations

Branches:
Dungeon (15/15)            Temple (1/1) D:6            Lair (6/6) D:11
 Shoals (4/4) Lair:3        Snake (4/4) Lair:3        Slime (0/5) Lair:6
    Orc (2/2) D:12            Elf (3/3) Orc:2        Vaults (4/5) D:13
  Crypt (0/3) Vaults:2     Depths (4/5) D:15

Altars:
Ashenzari
Cheibriados
Dithmenos
Elyvilon
Fedhas
Gozag
Hepliaklqana
Kikubaaqudgha
Makhleb
Nemelex Xobeh
Okawaru
Qazlal
Ru
Sif Muna
Trog
Uskayaw
Vehumet
Wu Jian
Xom
Yredelemnul
Zin
The Shining One
Beogh

Shops:
D:5 :   D:8 !   D:9 !   D:11 !   Orc:2 ((?=!   Elf:2 !   Vaults:4 (

Portals:
Hell: Depths:1 Depths:2 Depths:3
Abyss: Depths:2
Pandemonium: Depths:2 Depths:3
Ziggurat: Depths:1

Annotations:
D:3 3 runed translucent doors, Prakerore's ghost, amateur MfBe
D:9 1 runed translucent door, Dazliare's ghost, novice DsGl
D:12 1 runed translucent door
D:13 1 runed translucent door
Elf:1 exclusion: deep elf mage
Depths:1 exclusion: 2 ancient liches
Depths:2 2 transporters, Morgon's ghost, veteran HaAK


Innate Abilities, Weirdness & Mutations

You have a pair of large horns on your head.
You are surrounded by a strong repulsion field. (EV +4, RMsl)
A demonic guardian rushes to your aid.
You are frail. (-10% HP)
You resist negative energy. (rN+)
When hurt, damage is shared between your health and your magic reserves.
You regenerate magic rapidly.
When low on magic, you restore magic in place of health.
You cannot be stealthy.
You cannot study or cast Fire magic.
You cannot study or cast Translocations magic.
You cannot study or cast Transmutations magic.
You are somewhat inexperienced. (-2 XL)
You are agile. (Dex +2)
Your mind is acute. (Int +2)


Message History

The floor, spattered with blood.
Casting: Mephitic Cloud (safe; 7% risk of failure)
Confirm with . or Enter, or press ? or * to list all spells.
Aiming: Mephitic Cloud (safe; 7% risk of failure)
Press: ? - help, Shift-Dir - straight line, f/p - juggernaut
Aim: a juggernaut (moderately wounded)
The ball explodes into a vile cloud!
The stinking cloud engulfs the juggernaut but does no damage.
The juggernaut is moderately wounded.
The stinking cloud engulfs you but does no damage.
The juggernaut is engulfed in noxious fumes.
The juggernaut hits you!!! The juggernaut hits you!!
* * * LOW HITPOINT WARNING * * *
Your smoke demon completely misses the juggernaut.
Your smoke demon hits the juggernaut.
Your smoke demon closely misses the juggernaut.
Your smoke demon hits the juggernaut.
Your smoke demon hits the juggernaut but does no damage. x2
The juggernaut hits you!!!
You die...

##########.##.....#.....#.......#..
...........##.....#.....#.......###
###.##..####..###.........#.....)..
#....## #....######....#....##..
####.# #.........###.##....#...
#.######.............#....#(..
#......###.............##.#[..
######.# ##.........##..#.#...
##..# ##@######.#.....#...
##...####.C.....#.......#(#.
#.##..#..3......#.......#(##
#####.....3.....#......##(..
###........(#.####...(..
#.......######....###..
###....##...###...#.###
#..>รท#....#.#...#....
#...[#....#.###......


You could see a juggernaut, a friendly soul eater and a friendly smoke demon.

Vanquished Creatures
  Bai Suzhen (Vaults:3)
  Saint Roka (Depths:2)
  A titan (D:15)
  2 deep elf master archers (Elf:3)
  3 deep elf blademasters
  2 ancient champions (Vaults:2)
  Asterion (Snake:2)
  A quicksilver dragon (Depths:1)
  A sphinx (Depths:1)
  Polyphemus (Shoals:2)
  Agnes (D:15)
  3 tengu reavers
  Donald (Vaults:2)
  4 nagarajas
  An iron dragon (Depths:1)
  4 fire giants
  5 frost giants
  14 vault wardens
  8 deep elf sorcerers
  Aizul (Depths:2)
  7 very ugly things
  A spriggan defender (Depths:3)
  2 reapers
  Louise (Elf:1)
  2 deep elf elementalists (Elf:3)
  9 stone giants
  A vampire knight (Vaults:2)
  15 ironheart preservers
  An entropy weaver (Vaults:4)
  6 deep elf demonologists
  5 deep elf annihilators
  Azrael (Lair:3)
  2 spark wasps
  6 deep elf death magi
  3 dire elephants (Lair:6)
  7 merfolk javelineers
  8 ettins
  3 deep elf high priests
  11 fire dragons
  5 great orbs of eyes
  5 yaktaur captains
  7 merfolk impalers
  7 ogre magi
  5 vault guards
  13 naga warriors
  A monstrous demonspawn (Depths:3)
  A spriggan air mage (Depths:2)
  9 rakshasas
  A catoblepas (Shoals:1)
  8 ice dragons
  6 merfolk avatars
  8 centaur warriors
  3 hydras
  An alligator snapping turtle (Shoals:4)
  6 merfolk aquamancers
  2 satyrs
  4 anacondas
  6 deep troll earth magi
  22 two-headed ogres
  A death knight (Vaults:4)
  4 death yaks
  27 dancing weapons
  5 tengu warriors
  A queen ant (shapeshifter) (Depths:3)
  4 deep troll shamans
  8 orc high priests
  2 vampire magi
  7 shock serpents
  4 naga sharpshooters
  A spriggan berserker (Depths:3)
  27 deep elf knights
  Sonja (Lair:5)
  5 hell knights
  A fire crab (shapeshifter) (D:14)
  A shadow wraith (D:13)
  2 skeletal warriors (D:15)
  A storm dragon zombie (D:15)
  24 deep elf archers
  21 deep trolls
  5 flayed ghosts
  An unseen horror (shapeshifter) (D:14)
  An unseen horror (D:10)
  17 sea snakes
  A tengu zombie (D:15)
  A glowing orange brain (Depths:3)
  2 glowing orange brains (shapeshifter)
  A lindwurm (Lair:6)
  3 wizards
  5 naga ritualists
  16 ironbrand convokers
  An infernal demonspawn (Depths:2)
  2 wolf spiders (Vaults:2)
  57 deep elf magi
  19 harpies
  43 ugly things
  A necromancer (D:15)
  7 orc knights
  A wolf spider (shapeshifter) (Vaults:1)
  2 salamanders (shapeshifter)
  2 orc sorcerers
  A shining eye (shapeshifter) (Depths:2)
  4 mana vipers (Snake:3)
  6 fauns
  6 manticores
  6 salamanders
  6 cyclopes
  2 oklob plants (Lair:6)
  Maurice (D:13)
  2 elephants (Lair:6)
  A rust devil (Depths:3)
  6 water nymphs
  19 black mambas
  A frost giant skeleton (D:15)
  3 guardian serpents
  13 merfolk sirens
  27 naga magi
  5 centaur zombies
  5 komodo dragons
  17 vault sentinels
  6 spiny frogs
  2 rime drakes
  3 gargoyles
  47 yaktaurs
  A spriggan zombie (D:15)
  23 merfolk
  9 freezing wraiths
  A tengu conjurer (Depths:3)
  2 red devils (Depths:2)
  5 wind drakes
  7 trolls
  4 hornets
  2 meliai (shapeshifter)
  3 polar bears
  8 blink frogs (Lair:6)
  2 dream sheep (Shoals:2)
  11 snapping turtles
  11 hippogriffs
  25 slime creatures
  A slime creature (shapeshifter) (Depths:3)
  A redback (Vaults:4)
  A redback (shapeshifter) (Elf:2)
  A spriggan (shapeshifter) (Vaults:3)
  2 wraiths
  2 tarantellas (shapeshifter)
  A wyvern (shapeshifter) (Vaults:3)
  A vampire (D:12)
  2 spriggans
  3 air elementals
  12 water elementals
  6 fire elementals
  15 yaks
  A hog (Shoals:4)
  A golden eye (shapeshifter) (Vaults:1)
  A ynoxinul (Depths:3)
  A neqoxec (Depths:3)
  6 basilisks
  14 wargs
  A hungry ghost (D:15)
  4 vampire mosquitoes (D:14)
  2 soldier ants
  5 acid dragons
  40 nagas
  5 water moccasins
  3 hell hounds
  9 porcupines
  25 orc warriors
  A swamp drake (D:12)
  A black bear (shapeshifter) (D:13)
  An ice beast (D:9)
  5 sky beasts
  2 black bears (D:7)
  A necrophage (D:13)
  10 boggarts
  An eye of draining (shapeshifter) (D:14)
  A phantom (D:13)
  7 wolves
  26 ogres
  18 centaurs
  9 crocodiles
  A crocodile (shapeshifter) (Vaults:4)
  4 big kobolds
  7 bullfrogs
  4 earth elementals
  A gnoll sergeant (D:8)
  A water moccasin skeleton (D:12)
  2 scorpions (D:5)
  A water moccasin zombie (D:8)
  6 killer bees (D:9)
  8 electric eels
  A howler monkey (D:9)
  8 crimson imps
  A bullfrog zombie (D:13)
  4 hounds
  2 jellies
  2 quasits (Depths:3)
  Crazy Yiuf (D:7)
  3 human simulacra
  2 iron imps
  41 orc priests
  4 bullfrog skeletons
  22 orc wizards
  Jessica (D:2)
  6 centaur skeletons
  An iguana (D:9)
  6 hell rats
  13 worker ants
  A hound skeleton (D:4)
  A worker ant zombie (D:5)
  7 gnolls
  12 adders
  4 shadow imps
  A white imp (Depths:3)
  4 ufetubi
  An ooze (D:1)
  2 adder zombies
  A worm (D:4)
  3 dart slugs
  2 leopard geckos
  143 orcs
  2 ball pythons
  2 giant cockroaches
  9 goblins
  6 hobgoblins
  13 jackals
  22 kobolds
  6 quokkas
  4 bats
  6 frilled lizards
  A jackal skeleton (D:4)
  A leopard gecko zombie (D:8)
  A quokka skeleton (D:5)
  10 rats
  2 fungi
  23 plants
1597 creatures vanquished.

Vanquished Creatures (collateral kills)
  A lich (D:15)
  Frances (Snake:1)
  Kirke (Shoals:4)
  A nagaraja (Snake:4)
  Ilsuiw (Shoals:2)
  A vault warden (Vaults:2)
  A spriggan defender (Depths:3)
  2 ironheart preservers
  A stone giant (Vaults:4)
  2 very ugly things
  Nessos (Lair:5)
  A deep elf demonologist (Elf:3)
  A deep elf annihilator (Elf:3)
  3 dire elephants (Lair:6)
  A fire dragon (Depths:3)
  A deep elf death mage (Vaults:3)
  A yaktaur captain (Vaults:2)
  10 naga warriors
  4 hydras (Lair:6)
  Fannar (Lair:2)
  4 anacondas
  A death knight (Vaults:3)
  6 two-headed ogres
  A dancing weapon (Elf:3)
  Erica (D:9)
  2 deep troll shamans
  3 ogre magi
  Urug (Lair:5)
  A tengu warrior (Depths:1)
  An orc high priest (Orc:1)
  2 naga sharpshooters
  3 death yaks
  A deep elf knight (Vaults:3)
  A salamander mystic (Snake:4)
  3 sea snakes
  2 deep trolls
  2 deep elf archers
  A glowing orange brain (Vaults:2)
  A harpy (Shoals:1)
  A naga ritualist (Snake:3)
  Pikel (D:7)
  2 necromancers
  2 orc knights
  8 ugly things
  An orc sorcerer (Vaults:3)
  3 oklob plants (Lair:6)
  11 deep elf magi
  A faun (Shoals:3)
  A manticore (D:11)
  2 salamanders
  A merfolk siren (Shoals:3)
  3 naga magi
  2 elephants (Lair:6)
  A cyclops (D:10)
  A centaur zombie (D:10)
  8 black mambas
  2 guardian serpents
  A water nymph (Shoals:3)
  6 spiny frogs
  2 rime drakes
  5 yaktaurs
  4 komodo dragons
  4 trolls
  7 merfolk
  A polar bear (Lair:5)
  A wind drake (Shoals:2)
  A hornet (D:11)
  5 hippogriffs
  A blink frog (Lair:6)
  A slime creature (Depths:2)
  A dream sheep (Shoals:2)
  Sigmund (D:2)
  An air elemental (Elf:1)
  7 yaks
  A wyvern (Lair:6)
  A hog (Shoals:4)
  A hungry ghost (D:11)
  4 basilisks (Lair:3)
  7 wargs
  7 nagas
  2 water moccasins
  A hell hound (Snake:1)
  3 porcupines
  An orc warrior (Depths:2)
  A phantom (D:4)
  A slave (D:7)
  An eye of draining (D:11)
  6 ogres
  4 wolves
  A boggart (Vaults:3)
  2 centaurs
  A scorpion (D:7)
  2 crimson imps
  5 orc priests
  A bullfrog skeleton (D:9)
  2 iguanas
  2 orc wizards
  A hell rat (Lair:5)
  A worker ant zombie (D:11)
  2 gnolls (D:2)
  2 adders
  A white imp (D:8)
  20 orcs
  3 jackals
  A ball python (D:4)
  A leopard gecko skeleton (D:4)
  A fungus (Lair:2)
  A plant (Lair:6)
264 creatures vanquished.

Vanquished Creatures (others)
  The ghost of sanboga the Severer, an adept GrBe of Trog (Shoals:4)
  A fire giant (D:15)
  2 stone giants (Vaults:3)
  A deep elf annihilator (Elf:3)
  A merfolk javelineer (Shoals:4)
  A fire dragon (Depths:3)
  2 hydras
  A yaktaur captain (Vaults:1)
  A rakshasa (Depths:2)
  A vault guard (Vaults:1)
  2 two-headed ogres
  A centaur warrior (D:13)
  A dancing weapon (Elf:2)
  3 deep elf knights
  2 hell knights (Depths:1)
  A deep troll (Depths:1)
  3 deep elf archers
  2 orc knights
  A necromancer (Depths:1)
  4 deep elf magi
  An ugly thing (Vaults:1)
  A faun (Shoals:3)
  A salamander (Snake:1)
  A cyclops (Vaults:1)
  3 manticores
  A black mamba (Lair:6)
  A naga mage (Snake:1)
  A rust devil (Depths:2)
  A komodo dragon (D:13)
  3 yaktaurs (Vaults:2)
  A dream sheep (Shoals:2)
  A hippogriff (Shoals:1)
  A water elemental (Shoals:2)
  A human (Shoals:4)
  A soldier ant (D:11)
  2 orc warriors
  4 centaurs
  3 ogres
  A crocodile (D:10)
  A bullfrog skeleton (D:13)
  An orc wizard (D:11)
  A leopard gecko (D:11)
  3 orcs
  14 fungi
  45 plants
  2 toadstools (D:3)
  4 withered plants (D:15)
132 creatures vanquished.

Grand Total: 1993 creatures vanquished

Notes
Turn   | Place    | Note
-------+----------+-------------------------------------------
     0 | D:1      | icebox the Demonspawn Gladiator began the quest for the
                  | Orb.
     0 | D:1      | Reached XP level 1. HP: 16/16 MP: 1/1
   375 | D:1      | Gained mutation: A weak demonic guardian rushes to your
                  | aid. [demonic ancestry]
   375 | D:1      | Reached XP level 2. HP: 23/23 MP: 2/2
   591 | D:1      | Reached skill level 3 in Fighting
   839 | D:1      | Reached XP level 3. HP: 29/29 MP: 3/3
  1071 | D:2      | Found a stormy altar of Qazlal.
  1109 | D:2      | Reached skill level 4 in Fighting
  1121 | D:2      | Gained mutation: You have a pair of small horns on your
                  | head. [demonic ancestry]
  1121 | D:2      | Reached XP level 4. HP: 20/37 MP: 4/4
  1334 | D:2      | Noticed Jessica
  1345 | D:2      | Killed Jessica
  1353 | D:2      | Noticed Sigmund
  1644 | D:2      | Killed Sigmund
  1644 | D:2      | Reached skill level 5 in Fighting
  1644 | D:2      | Reached XP level 5. HP: 29/46 MP: 5/5
  2125 | D:3      | Found a runed translucent gate.
  2126 | D:3      | Found a runed translucent gate.
  2126 | D:3      | Found a runed translucent gate.
  2127 | D:3      | Noticed Prakerore's ghost (amateur MfBe)
  2146 | D:3      | Found a snail-covered altar of Cheibriados.
  2178 | D:3      | Found a basalt altar of Yredelemnul.
  2178 | D:3      | Found an ornate altar of the Wu Jian Council.
  2474 | D:3      | Found a sparkling altar of Nemelex Xobeh.
  2478 | D:3      | Reached XP level 6. HP: 52/52 MP: 6/6
  2599 | D:3      | Found a hazy altar of Hepliaklqana.
  3687 | D:4      | Reached skill level 5 in Axes
  3767 | D:4      | Reached skill level 1 in Armour
  3834 | D:4      | Gained mutation: A demonic guardian rushes to your aid.
                  | [demonic ancestry]
  3834 | D:4      | Reached XP level 7. HP: 55/57 MP: 7/7
  4086 | D:5      | Entered Level 5 of the Dungeon
  4175 | D:5      | Found a bloodstained altar of Trog.
  4242 | D:5      | Reached skill level 1 in Spellcasting
  4363 | D:5      | Found a shadowy altar of Dithmenos.
  4574 | D:5      | Found Tuenurie's Book Emporium.
  4599 | D:5      | Found an opulent altar of Gozag.
  4659 | D:5      | Reached skill level 1 in Evocations
  4860 | D:6      | Reached skill level 1 in Shields
  4860 | D:6      | Reached XP level 8. HP: 64/64 MP: 12/12
  5143 | D:6      | Found a staircase to the Ecumenical Temple.
  5312 | Temple   | Entered the Ecumenical Temple
  5551 | Temple   | Became a worshipper of Ru the Awakened
  6178 | D:7      | Found a bloodstained altar of Trog.
  6273 | D:7      | Noticed a hippogriff
  6279 | D:7      | Killed a hippogriff
  6283 | D:7      | Noticed Pikel
  6287 | D:7      | Killed Pikel
  6287 | D:7      | Reached skill level 6 in Fighting
  6371 | D:7      | Reached skill level 7 in Fighting
  6572 | D:7      | Found a deep blue altar of Sif Muna.
  6576 | D:7      | Got a faintly humming ring mail
  6619 | D:7      | Gained mutation: When hurt, damage is shared between your
                  | health and your magic reserves. [demonic ancestry]
  6619 | D:7      | Reached XP level 9. HP: 70/72 MP: 13/13
  6686 | D:7      | Found a runed translucent door.
  6687 | D:7      | Noticed Crazy Yiuf
  6858 | D:7      | Killed Crazy Yiuf
  7421 | D:8      | Reached skill level 5 in Armour
  7429 | D:8      | Learned a level 3 spell: Mephitic Cloud
  7455 | D:8      | Found Zoarumom's Distillery.
  7463 | D:8      | Bought a potion of haste for 120 gold pieces
  7463 | D:8      | Bought a potion of heal wounds for 60 gold pieces
  7463 | D:8      | Bought a potion of lignification for 36 gold pieces
  7483 | D:8      | Found a radiant altar of Vehumet.
  7484 | D:8      | Found a burning altar of Makhleb.
  7518 | D:8      | Reached skill level 1 in Conjurations
  8438 | D:8      | Gained mutation: You cannot study or cast Fire magic. [Ru
                  | sacrifice]
  8438 | D:8      | Gained mutation: You cannot study or cast Transmutations
                  | magic. [Ru sacrifice]
  8438 | D:8      | Gained mutation: You cannot study or cast Translocations
                  | magic. [Ru sacrifice]
  8438 | D:8      | Reached * piety under Ru
  8483 | D:9      | Found Xinocipt's Distillery.
  8497 | D:8      | Reached skill level 5 in Spellcasting
  8653 | D:9      | Reached skill level 5 in Conjurations
  8761 | D:9      | Noticed a troll
  8791 | D:9      | Killed a troll
  8923 | D:9      | Noticed a two-headed ogre
  8943 | D:9      | Killed a two-headed ogre
  8943 | D:9      | Reached XP level 10. HP: 60/79 MP: 12/17
  9212 | D:9      | Reached skill level 8 in Fighting
  9771 | D:9      | Noticed an orc knight
  9772 | D:9      | Noticed an orc sorcerer
  9897 | D:8      | Paralysed by an orc sorcerer for 7 turns
  9899 | D:8      | Killed an orc sorcerer
  9948 | D:8      | Killed an orc knight
  9948 | D:8      | Reached skill level 9 in Fighting
 10276 | D:9      | Found a runed translucent door.
 10277 | D:9      | Found a shimmering altar of Xom.
 10277 | D:9      | Noticed Dazliare's ghost (novice DsGl)
 10277 | D:9      | Noticed a +0 trident of chaos
 10339 | D:9      | Noticed Erica
 10345 | D:9      | Killed Erica
 10967 | D:9      | Gained mutation: You are frail. (-10% HP) [Ru sacrifice]
 10967 | D:9      | Reached ** piety under Ru
 10967 | D:9      | Reached *** piety under Ru
 11375 | D:9      | Got a transparent robe
 11376 | D:9      | Identified the cursed +1 ring mail of Cowardice {Str+2
                  | Stlth+} (You found it on level 7 of the Dungeon)
 11377 | D:9      | Identified the +1 robe "Mezit" {rC+ Regen+ Stlth+} (You
                  | found it on level 9 of the Dungeon)
 11453 | D:10     | Entered Level 10 of the Dungeon
 11493 | D:10     | Reached XP level 11. HP: 80/80 MP: 18/18
 11698 | D:10     | Got a pitted hunting sling
 11703 | D:10     | Identified the cursed +2 hunting sling of Brutal Revenge
                  | {freeze, rC+} (You found it on level 10 of the Dungeon)
 11745 | D:10     | Noticed an unseen horror
 11755 | D:10     | Killed an unseen horror
 11825 | D:10     | Reached skill level 10 in Fighting
 12316 | D:11     | Noticed a red ugly thing
 12316 | D:11     | Noticed a two-headed ogre
 12316 | D:11     | Noticed a white ugly thing
 12359 | D:10     | Killed a two-headed ogre
 12360 | D:10     | Killed a white ugly thing
 12652 | D:10     | Killed a red ugly thing
 12833 | D:11     | Reached skill level 11 in Fighting
 12836 | D:11     | Found a shimmering altar of Xom.
 12944 | D:11     | Noticed a two-headed ogre
 12951 | D:11     | Killed a two-headed ogre
 12977 | D:11     | Noticed a purple ugly thing
 12983 | D:11     | Noticed a deep elf mage
 12987 | D:11     | Killed a purple ugly thing
 12991 | D:11     | Paralysed by a hornet for 3 turns
 12996 | D:11     | Killed a deep elf mage
 13052 | D:11     | Found Uwot's Distillery.
 13125 | D:11     | Bought a potion of flight for 36 gold pieces
 13194 | D:11     | Reached skill level 12 in Fighting
 13307 | D:11     | Found a staircase to the Lair.
 13428 | Lair:1   | Entered Level 1 of the Lair of Beasts
 13767 | Lair:1   | Gained mutation: You are somewhat inexperienced. (-2 XL)
                  | [Ru sacrifice]
 13767 | Lair:1   | Reached XP level 10. HP: 80/80 MP: 17/17
 13767 | Lair:1   | Reached XP level 9. HP: 73/73 MP: 16/16
 13767 | Lair:1   | Reached **** piety under Ru
 13767 | Lair:1   | Reached ***** piety under Ru
 13843 | Lair:1   | You fall through a shaft!
 13843 | Lair:2   | Noticed a komodo dragon
 13847 | Lair:2   | Killed a komodo dragon
 13870 | Lair:2   | Reached skill level 5 in Evocations
 13932 | Lair:1   | Noticed a rime drake
 13936 | Lair:1   | Killed a rime drake
 13948 | Lair:1   | Reached XP level 10. HP: 74/80 MP: 15/17
 14071 | Lair:1   | Noticed a spiny frog
 14080 | Lair:1   | Killed a spiny frog
 14762 | Lair:2   | Noticed Fannar
 14771 | Lair:2   | Killed Fannar
 14771 | Lair:2   | Reached skill level 1 in Polearms
 14832 | Lair:2   | Noticed a black mamba
 14841 | Lair:2   | Killed a black mamba
 14960 | Lair:2   | Noticed a spiny frog
 14969 | Lair:2   | Killed a spiny frog
 15761 | Lair:3   | Noticed a spiny frog
 15766 | Lair:3   | Killed a spiny frog
 15836 | Lair:3   | Reached XP level 11. HP: 85/85 MP: 18/18
 15915 | Lair:3   | Learned a level 3 spell: Regeneration
 16115 | Lair:3   | Found a staircase to the Shoals.
 16209 | Lair:3   | Gained mutation: You cannot be stealthy. [Ru sacrifice]
 16209 | Lair:3   | Reached ****** piety under Ru
 16572 | Lair:3   | Found a staircase to the Snake Pit.
 16671 | Lair:4   | Noticed a death yak
 16672 | Lair:4   | Noticed a death yak
 16673 | Lair:4   | Noticed a death yak
 16674 | Lair:4   | Noticed a death yak
 16675 | Lair:4   | Noticed a death yak
 16677 | Lair:4   | Killed a death yak
 16718 | Lair:3   | Killed a death yak
 16718 | Lair:3   | Reached skill level 10 in Conjurations
 16725 | Lair:3   | Killed a death yak
 16728 | Lair:3   | Killed a death yak
 16756 | Lair:4   | Killed a death yak
 17285 | Lair:4   | Reached skill level 13 in Fighting
 17870 | Lair:5   | Noticed a five-headed hydra
 17892 | Lair:4   | Killed a five-headed hydra
 18146 | Lair:5   | Gained mutation: You have a pair of horns on your head.
                  | [demonic ancestry]
 18146 | Lair:5   | Reached XP level 12. HP: 68/94 MP: 16/19
 18196 | Lair:5   | Noticed Nessos
 18419 | Lair:5   | Killed Nessos
 18463 | Lair:5   | Noticed a five-headed hydra
 18617 | Lair:4   | Killed a five-headed hydra
 18856 | Lair:5   | Noticed Sonja
 18859 | Lair:5   | Killed Sonja
 19055 | Lair:5   | You fall through a shaft!
 19055 | Lair:6   | Entered Level 6 of the Lair of Beasts
 19129 | Lair:5   | Noticed Urug
 19134 | Lair:5   | Killed Urug
 19896 | Lair:6   | Found a staircase to the Slime Pits.
 19916 | Lair:6   | Noticed a six-headed hydra
 19930 | Lair:6   | Killed a six-headed hydra
 20455 | Lair:6   | Reached skill level 14 in Fighting
 20908 | Lair:6   | Noticed a seven-headed hydra
 20916 | Lair:6   | Killed a seven-headed hydra
 21013 | Lair:6   | Noticed a six-headed hydra
 21023 | Lair:6   | Killed a six-headed hydra
 21161 | Lair:6   | Reached skill level 10 in Evocations
 21484 | Lair:6   | Noticed a six-headed hydra
 21506 | Lair:6   | Killed a six-headed hydra
 21532 | Lair:6   | Reached XP level 13. HP: 38/101 MP: 7/20
 22347 | Lair:6   | Noticed a dire elephant
 22362 | Lair:6   | Killed a dire elephant
 22552 | Lair:6   | Noticed a dire elephant
 22569 | Lair:6   | Killed a dire elephant
 22607 | Lair:6   | Noticed a dire elephant
 22625 | Lair:6   | Noticed a dire elephant
 22643 | Lair:6   | Killed a dire elephant
 22685 | Lair:6   | Killed a dire elephant
 23175 | Lair:6   | Noticed a dire elephant
 23175 | Lair:6   | Noticed a dire elephant
 23203 | Lair:6   | Killed a dire elephant
 23221 | Lair:6   | Killed a dire elephant
 23489 | Lair:6   | Reached skill level 5 in Polearms
 23826 | D:12     | Found a glowing silver altar of Zin.
 23827 | D:12     | Found a runed translucent door.
 23827 | D:12     | Noticed an angel
 24394 | D:12     | Found a staircase to the Orcish Mines.
 24701 | Orc:1    | Entered Level 1 of the Orcish Mines
 25077 | Orc:2    | Entered Level 2 of the Orcish Mines
 25979 | Orc:2    | Found a roughly hewn altar of Beogh.
 26241 | Orc:2    | Found a staircase to the Elven Halls.
 26578 | Orc:2    | Found Cacs's Distillery.
 26578 | Orc:2    | Found Gaofreis's Jewellery Boutique.
 26700 | Orc:2    | Found Jirozarr's Weapon Boutique.
 26746 | Orc:2    | Found Veghits's Magic Scroll Emporium.
 26746 | Orc:2    | Found Viysikasch's Antique Weapon Boutique.
 26760 | Orc:2    | Bought a bone flail for 323 gold pieces
 26761 | Orc:2    | Identified the cursed +2 flail "Pireh" {speed, rF+ Int+7
                  | Dex+5} (You bought it in a shop on level 2 of the Orcish
                  | Mines)
 26969 | Snake:1  | Entered Level 1 of the Snake Pit
 26976 | Lair:3   | Reached skill level 15 in Fighting
 27253 | Snake:1  | HP: 4/103 [naga warrior/+0 halberd (15)]
 27297 | Lair:3   | Reached XP level 14. HP: 32/110 MP: 9/21
 27617 | Snake:1  | Noticed Frances
 28260 | Snake:1  | Killed Frances
 28614 | Snake:1  | Noticed Azrael
 29354 | Lair:3   | Found a staircase to the Snake Pit.
 29372 | Lair:3   | Killed Azrael
 29372 | Lair:3   | Reached skill level 10 in Armour
 29431 | Lair:3   | Found a staircase to the Shoals.
 29820 | Lair:3   | Reached skill level 1 in Necromancy
 31051 | Snake:1  | Found a white marble altar of Elyvilon.
 31280 | Snake:1  | Found a shattered altar of Ashenzari.
 31280 | Snake:1  | Identified Pootwy's Almanac of Enhancements and
                  | Intoxication
 32973 | Snake:2  | Reached skill level 5 in Necromancy
 32977 | Snake:2  | Noticed Asterion
 33003 | Snake:2  | Killed Asterion
 33611 | Snake:2  | Got an ancient golden ring
 36461 | Snake:3  | Gained mutation: You regenerate magic rapidly. [demonic
                  | ancestry]
 36461 | Snake:3  | Reached XP level 15. HP: 86/116 MP: 7/22
 36499 | Snake:3  | HP: 5/116 [poisoned by a naga ritualist (toxic radiance)]
 36505 | Snake:3  | HP: 3/116 [poisoned by a naga ritualist (toxic radiance)]
 36510 | Snake:3  | HP: 2/116 [poisoned by a naga ritualist (toxic radiance)]
 36516 | Snake:3  | HP: 1/116 [poisoned by a naga ritualist (toxic radiance)]
 36524 | Snake:3  | HP: 2/116 [poisoned by a naga ritualist (toxic radiance)]
 37475 | Snake:3  | Reached skill level 10 in Axes
 38515 | Shoals:1 | Entered Level 1 of the Shoals
 39778 | Shoals:1 | Identified the ring of Wyriaph {MR+ Str+2} (You found it on
                  | level 2 of the Snake Pit)
 40103 | Shoals:2 | Noticed Polyphemus
 40363 | Shoals:2 | Killed Polyphemus
 43803 | Shoals:3 | Got a pitted trident
 44195 | Shoals:2 | Identified the +4 trident of Reinforcement {freeze, Fragile
                  | rElec rN+ Dex+3} (You found it on level 3 of the Shoals)
 44247 | Shoals:3 | Reached XP level 16. HP: 96/122 MP: 15/23
 44455 | Shoals:3 | Noticed Ilsuiw
 44523 | Shoals:2 | Killed Ilsuiw
 45611 | Elf:1    | Entered Level 1 of the Elven Halls
 45804 | Elf:1    | Noticed Louise
 46060 | Elf:1    | Killed Louise
 46651 | Elf:1    | Identified the +6 great mace "Vejoi" {crush, -Tele rPois
                  | Str+6 Dex+3}
 48735 | Elf:2    | Reached skill level 16 in Fighting
 48870 | Elf:2    | Found Qutyjis's Distillery.
 49250 | Elf:2    | Found a runed translucent gate.
 49251 | Elf:2    | Found a runed translucent gate.
 49253 | Elf:2    | Found a runed translucent gate.
 51085 | Elf:2    | Gained mutation: You have a pair of large horns on your
                  | head. [demonic ancestry]
 51085 | Elf:2    | Reached XP level 17. HP: 129/129 MP: 27/27
 51365 | Elf:2    | Noticed a deep elf blademaster
 51381 | Elf:2    | Killed a deep elf blademaster
 51954 | D:13     | Found a shimmering altar of Xom.
 52050 | D:13     | Noticed Maurice
 52066 | D:13     | Killed Maurice
 53176 | D:13     | Found a runed translucent door.
 53490 | D:13     | Found a gate to the Vaults.
 55167 | D:15     | Entered Level 15 of the Dungeon
 55245 | D:15     | Reached skill level 10 in Polearms
 55491 | D:15     | Found a staircase to the Depths.
 55736 | D:15     | Noticed Agnes
 55745 | D:15     | Killed Agnes
 56498 | Snake:4  | Entered Level 4 of the Snake Pit
 57297 | Snake:4  | Got a polished hand axe
 58527 | Snake:4  | Gained mutation: You are surrounded by a mild repulsion
                  | field. (EV +2) [demonic ancestry]
 58527 | Snake:4  | Reached XP level 18. HP: 79/135 MP: 23/28
 59490 | Snake:4  | Reached skill level 10 in Necromancy
 59773 | Snake:4  | Got a serpentine rune of Zot
 60053 | Vaults:1 | Entered Level 1 of the Vaults
 60607 | Vaults:1 | Reached skill level 1 in Charms
 60709 | Vaults:1 | Reached skill level 5 in Dodging
 61718 | Vaults:1 | Learned a level 3 spell: Vampiric Draining
 61774 | Vaults:1 | Learned a level 4 spell: Animate Dead
 62043 | Vaults:1 | Got an ivory halberd
 62404 | Vaults:1 | Reached skill level 5 in Charms
 63727 | Vaults:2 | Identified the +5 shortbow of the Ship {speed, rElec Str+7
                  | Dex-4 Stlth+}
 64151 | Vaults:2 | Gained mutation: You resist negative energy. (rN+) [demonic
                  | ancestry]
 64151 | Vaults:2 | Reached XP level 19. HP: 117/141 MP: 21/29
 64519 | Vaults:2 | Found a staircase to the Crypt.
 65074 | Vaults:2 | Identified the +5 halberd of Abuse {chop, +Rage Str+3} (You
                  | found it on level 1 of the Vaults)
 65276 | Vaults:2 | You fall through a shaft for 2 floors!
 65352 | Vaults:4 | Noticed Bai Suzhen
 65383 | Vaults:3 | HP: 3/211 [freezing wraith (8)]
 66108 | Vaults:2 | Noticed Donald
 66122 | Vaults:2 | Killed Donald
 67163 | Vaults:3 | Reached skill level 10 in Spellcasting
 68843 | Vaults:3 | Identified the ring of Eguun {Ice rPois}
 68849 | Vaults:3 | Gained mutation: You are surrounded by a moderate repulsion
                  | field. (EV +3) [demonic ancestry]
 68849 | Vaults:3 | Reached XP level 20. HP: 146/149 MP: 31/34
 68860 | Vaults:3 | Reached skill level 17 in Fighting
 68923 | Vaults:3 | Killed Bai Suzhen
 70175 | Vaults:3 | Reached skill level 18 in Fighting
 71955 | Vaults:4 | Found Rufiekk's Weapon Shoppe.
 72476 | Shoals:4 | Entered Level 4 of the Shoals
 73187 | Shoals:4 | Reached skill level 19 in Fighting
 73499 | Shoals:4 | Got a barnacled rune of Zot
 73696 | Shoals:4 | Found a runed translucent door.
 73698 | Shoals:4 | Noticed sanboga's ghost (adept GrBe)
 73758 | Shoals:4 | Noticed Kirke
 73770 | Shoals:4 | Killed Kirke
 74259 | Shoals:4 | Identified the +7 flail "Qody" {antimagic, Str+4 Dex+3}
                  | (You found it on level 4 of the Shoals)
 74509 | Shoals:4 | Got a fine granite ring
 75392 | Shoals:4 | Killed sanboga's ghost
 75884 | Elf:3    | Entered Level 3 of the Elven Halls
 76066 | Elf:3    | Reached skill level 20 in Fighting
 76075 | Elf:3    | Reached skill level 1 in Poison Magic
 76134 | Elf:3    | Gained mutation: When low on magic, you restore magic in
                  | place of health. [demonic ancestry]
 76134 | Elf:3    | Reached XP level 21. HP: 116/163 MP: 27/35
 77063 | Elf:3    | Reached skill level 5 in Poison Magic
 77077 | Elf:3    | Reached skill level 1 in Air Magic
 77186 | Elf:3    | Identified the +8 rapier of Gallantry {flame, *Rage MR+
                  | Dex+6}
 77676 | Elf:3    | Found the +3 hat of Pondering {ponderous, MR+ MP+10 Int+5}
 77719 | Elf:3    | Identified the ring "Noalioxi" {rC++ Str+3 Int+3 Slay-5
                  | SInv} (You found it on level 4 of the Shoals)
 77748 | Elf:3    | Reached skill level 5 in Air Magic
 77763 | Elf:3    | Identified 2 scrolls of acquirement
 77780 | Elf:3    | Got a pair of shimmering boots
 77792 | Elf:3    | Identified the +1 pair of boots of Impatience {MR+} (You
                  | acquired it on level 3 of the Elven Halls)
 77965 | Elf:3    | Identified the Compendium of Igneous Self-Improvement
 77970 | Elf:3    | Identified the Reference Book on Lucky Execration
 78785 | Depths:1 | Entered Level 1 of the Depths
 79659 | Depths:1 | Identified the +8 morningstar of Ointment {crush, rF- rN+++
                  | MP-9 Dex+8}
 79672 | Depths:1 | Identified the +7 battleaxe "Kutzoq" {freeze, rF- Str+4
                  | Stlth+}
 82435 | Depths:1 | Found a gateway to a ziggurat.
 82435 | Depths:1 | Noticed an ancient lich
 83006 | Depths:1 | Found a gateway to Hell.
 84255 | Depths:2 | Gained mutation: You are surrounded by a strong repulsion
                  | field. (EV +4, RMsl) [demonic ancestry]
 84255 | Depths:2 | Reached XP level 22. HP: 167/170 MP: 36/36
 84270 | Depths:2 | Found a one-way gate leading to the halls of Pandemonium.
 84340 | Depths:2 | Found a transporter.
 84348 | Depths:2 | Identified the +6 morningstar of Conscience {drain, Int+7}
 84351 | Depths:2 | Noticed Morgon's ghost (veteran HaAK)
 84353 | Depths:2 | Found a bloodstained altar of Trog.
 84359 | Depths:2 | Identified the +3 rapier of the Sun {antimagic, Str+5 Int+3
                  | Dex-5}
 84359 | Depths:2 | Identified the +4 rapier of Calculation {protect, Int+5}
 84359 | Depths:2 | Identified the +7 rapier "Dococ" {vamp, MP+9 Str+3 Dex+3
                  | Stlth+}
 84359 | Depths:2 | Identified the cursed +0 rapier "Myseclea" {antimagic,
                  | rElec Str+3 Int+2 Stlth+}
 84369 | Depths:2 | Found a transporter.
 84369 | Depths:2 | Noticed a juggernaut
 84982 | Depths:2 | Found a one-way gate to the infinite horrors of the Abyss.
 85502 | Depths:2 | Noticed Saint Roka
 86208 | Depths:2 | Killed Saint Roka
 86442 | Depths:2 | Noticed Aizul
 86458 | Depths:2 | Killed Aizul
 87387 | Depths:2 | Identified the +4 scale mail of Bidig {Stlth+} (You found
                  | it on level 2 of the Depths)
 89092 | Depths:3 | Gained mutation: You are occasionally teleported next to
                  | monsters. [a neqoxec]
 89274 | D:13     | Lost mutation: You are occasionally teleported next to
                  | monsters. [potion of mutation]
 89274 | D:13     | Gained mutation: You are agile. (Dex +2) [potion of
                  | mutation]
 89274 | D:13     | Gained mutation: Your mind is acute. (Int +2) [potion of
                  | mutation]
 89797 | Depths:3 | Found a shattered altar of Ashenzari.
 90576 | Depths:4 | Noticed a juggernaut
 90605 | Depths:3 | Mangled by a juggernaut

Skill      XL: |  1  2  3  4  5  6  7  8  9 10 11 12 13 14 15 16 17 18 19 20 21 22 |
---------------+-------------------------------------------------------------------+-----
Fighting       | 3 4 5 7 9 13 14 15 16 20 | 20.0
Axes           | 3 5 9 13 | 13.5
Armour         | 1 3 5 6 8 10 12 14 | 14.1
Spellcasting   | 3 5 7 10 | 10.1
Evocations     | 1 3 5 7 4 10 11 12 | 12.0
Shields        | 1 4 |  4.2
Conjurations   | 5 8 10 | 10.0
Stealth        | 4 0 |  0.0
Polearms       | 3 6 11 12 13 | 13.6
Necromancy     | 5 8 11 14 | 14.0
Dodging        | 8 |  8.0
Charms         | 5 |  5.0
Poison Magic   | 2 7 |  7.1
Air Magic      | 5 |  5.1
Throwing       | |  1.8

Action                   |  1- 3 |  4- 6 |  7- 9 | 10-12 | 13-15 | 16-18 | 19-21 | 22-24 || total
-------------------------+-------+-------+-------+-------+-------+-------+-------+-------++-------
Melee: War axe           |    79 |   155 |       |       |       |       |       |       ||   234
       Spear             |    23 |       |       |       |       |       |       |       ||    23
       Headbutt          |       |    29 |    75 |   181 |   224 |   342 |   447 |   145 ||  1443
       Trident           |       |    20 |   387 |   935 |   438 |       |       |       ||  1780
       Hand axe          |       |       |       |       |   578 |    52 |       |       ||   630
       Flail             |       |       |       |       |    70 |       |       |       ||    70
       Demon trident     |       |       |       |       |       |  1726 |  2057 |   583 ||  4366
 Fire: Hunting sling     |       |       |       |       |     2 |     3 |       |       ||     5
Throw: Stone             |       |       |       |     1 |     1 |     7 |     1 |       ||    10
 Cast: Animate Dead      |       |       |       |       |       |     1 |     8 |     4 ||    13
       Regeneration      |       |       |       |       |       |       |    16 |       ||    16
       Vampiric Draining |       |       |       |       |       |       |     4 |     2 ||     6
       Mephitic Cloud    |       |       |       |       |       |       |    27 |    22 ||    49
Invok: Sacrifice Arcana  |       |       |     1 |       |       |       |       |       ||     1
       Sacrifice Experie |       |       |     1 |       |       |       |       |       ||     1
       Apocalypse        |       |       |       |     3 |     4 |     5 |     2 |     1 ||    15
       Sacrifice Health  |       |       |       |     1 |       |       |       |       ||     1
       Draw Out Power    |       |       |       |    12 |     2 |       |       |       ||    14
       Power Leap        |       |       |       |     6 |    86 |    41 |    37 |     6 ||   176
       Sacrifice Stealth |       |       |       |     1 |       |       |       |       ||     1
Evoke: Wand              |       |       |       |    11 |    48 |    19 |    15 |     3 ||    96
       Lamp of fire      |       |       |       |       |       |     1 |       |       ||     1
  Use: Potion            |       |     3 |       |       |     7 |       |     1 |     1 ||    12
       Scroll            |       |       |    16 |    10 |     7 |    11 |    15 |     1 ||    60
 Stab: Sleeping          |     1 |       |       |       |       |       |       |       ||     1
       Distracted        |       |     1 |       |     6 |     8 |     7 |    13 |     2 ||    37
       Invisible         |       |       |       |     4 |    25 |    22 |    12 |     2 ||    65
       Paralysed         |       |       |       |    10 |    29 |    17 |    13 |     5 ||    74
       Confused          |       |       |       |       |       |       |    11 |    10 ||    21
  Eat: Chunk             |       |    10 |    17 |    37 |    37 |    38 |    50 |    10 ||   199
       Ration            |       |       |       |     2 |    10 |     8 |     5 |     3 ||    28
Armor: Leather armour    |    38 |    16 |       |       |       |       |       |       ||    54
       Chain mail        |       |    90 |   203 |   439 |   489 |   407 |   458 |   166 ||  2252
Dodge: Dodged            |    97 |   111 |   135 |   254 |   295 |   311 |   551 |   257 ||  2011
       Deflected         |       |       |       |       |       |       |       |    10 ||    10
Block: Buckler           |       |       |    93 |   357 |   378 |   317 |   386 |   143 ||  1674
       Reflection        |       |       |     6 |    11 |    27 |    39 |    64 |     7 ||   154
